 Dungeon Crawl Stone Soup version 0.31-a0-435-g2c6fae2916 (webtiles) character file.

Game seed: 4569840273836045551

37 innerfire43 the Trooper (level 3, 0/29 HPs)
             Began as a Demonspawn Monk on Aug 1, 2023.
             Slain by a quokka (1 damage)
             ... on level 2 of the Dungeon.
             The game lasted 00:01:09 (1219 turns).

innerfire43 the Trooper (Demonspawn Monk)           Turns: 1219, Time: 00:01:09

Health: 0/29       AC:  2    Str: 13    XL:     3   Next: 21%
Magic:  3/3        EV: 13    Int: 11    God:
Gold:   28         SH:  0    Dex: 15    Spells: 2/2 levels left

rFire   . . .        a - +0 hand axe
rCold   . . .        d - orb {light}
rNeg    . . .        b - +0 robe
rPois   .            (no helmet)
rElec   .            (no cloak)
rCorr   +            (no gloves)
SInv    .            (no boots)
Will    .....        (no amulet)
Stlth   +            l - ring of resist corrosion
HPRegen 0.24/turn    (no ring)
MPRegen 0.08/turn

%: no passive effects
@: glowing
A: claws 1
a: no special abilities


You were on level 2 of the Dungeon.
You visited 1 branch of the dungeon, and saw 2 of its levels.

You collected 28 gold pieces.

Inventory:

Hand Weapons
 a - a +0 hand axe (weapon)
Armour
 b - a +0 robe (worn)
 d - an orb of light (worn)
Jewellery
 l - a ring of resist corrosion (left claw)
Talismans
 k - a beast talisman
Scrolls
 e - 2 scrolls of teleportation {unknown}
 f - 2 scrolls of identify {unknown}
 g - 2 scrolls of immolation {unknown}
 j - a scroll of noise {unknown}
Potions
 c - a potion of ambrosia
 h - a potion of enlightenment {unknown}


   Skills:
 - Level 3.4 Fighting
 + Level 3.2 Axes
 - Level 3.0 Dodging
 * Level 0.4 Shapeshifting


You had 2 spell levels left.
You didn't know any spells.
Your spell library contained the following spells:

 Spells                   Type           Power      Damage    Failure   Level
 Sublimation of Blood     Necr           0%         N/A       47%         2
 Wereblood                Tmut           0%         N/A       47%         2
 Summon Hydra             Summ           0%         N/A       100%        7


Dungeon Overview and Level Annotations

Branches:
Dungeon (2/15)

Altars:


Innate Abilities, Weirdness & Mutations

You have sharp fingernails.


Message History

You feel sick. The adder bites you.
You are more poisoned.
The adder poisons you! The adder misses you.
There are monsters nearby!
You closely miss the adder.
The adder is almost dead.
You feel sick. The adder closely misses you.
There are monsters nearby!
You hit the adder.
The adder is almost dead.
You feel sick. The adder barely misses you. The adder bites you.
There are monsters nearby!
You are too injured to fight recklessly!
There are monsters nearby!
You are too injured to fight recklessly!
There are monsters nearby!
Unknown command.
You hit the adder but do no damage.
The adder is almost dead.
You feel sick. The adder misses you. The adder barely misses you.
You hit the adder.
You kill the adder!
You feel sick. The quokka closely misses you.
You have reached level 3!
Your experience leads to an increase in your attributes!
Increase (S)trength, (I)ntelligence, or (D)exterity?
You feel stronger. x2
You hit the quokka but do no damage.
You feel sick. The quokka bites you.
* * * LOW HITPOINT WARNING * * *
You hit the quokka.
The quokka is lightly wounded.
You feel sick. The quokka bites you.
* * * LOW HITPOINT WARNING * * *
You closely miss the quokka.
The quokka is lightly wounded.
* * * LOW HITPOINT WARNING * * *
You feel sick.
You are no longer poisoned.
The quokka bites you.
You die...

#.# #>#
#.###...##
##.........
#...####### ##.##
#######.#
#...)...#
#.......######...
#........@r....#
#.........#......
#......#.....####
#......##......
###########.##..
.# .. ## .


You could see a quokka.

Vanquished Creatures
  An adder (D:2)
  A dart slug (D:1)
  5 bats
  4 endoplasms (D:1)
  3 kobolds
  3 quokkas (D:1)
  2 ball pythons (D:1)
  2 frilled lizards (D:1)
  A rat (D:1)
22 creatures vanquished.

Notes
Turn   | Place    | Note
-------+----------+-------------------------------------------
     0 | D:1      | innerfire43 the Demonspawn Monk began the quest for the
                  | Orb.
     0 | D:1      | Reached XP level 1. HP: 18/18 MP: 1/1
   274 | D:1      | Gained mutation: You have sharp fingernails. [demonic
                  | ancestry]
   274 | D:1      | Reached XP level 2. HP: 20/24 MP: 2/2
  1217 | D:2      | Reached XP level 3. HP: 9/29 MP: 3/3
  1219 | D:2      | HP: 1/29 [poisoned by an adder]
  1219 | D:2      | Slain by a quokka

Illustrated notes

Levels and vault maps discovered:
D:1:      matt_arrival_los_fun, layout_basic
D:2:      layout_rooms, minmay_tromino_v4_c

Skill      XL: |  1  2 |
---------------+-------+-----
Axes           | 3 |  3.2
Dodging        | 3 |  3.0
Fighting       | |  3.4
Shapeshifting  | |  0.4

Action                     || total
---------------------------++-------
  Melee: Hand axe          ||    83
    Use: Scroll            ||     1
 Armour: Robe              ||    22
  Dodge: Dodged            ||    74

Table legend: (Time is in decaauts)
 A = Elapsed time spent in this place.
 B = Non-inter-level travel time spent in this place.
 C = Inter-level travel time spent in this place.
 D = Time resting spent in this place.
 E = Time spent auto-exploring this place.
 F = Levels seen in this place.
 G = Mean time per level.
                   A        B        C        D        E       F      G
               +--------+--------+--------+--------+--------+-----+--------+
         Total |   1230 |   1214 |     16 |      0 |   1006 |   2 |  615.0 |
       Dungeon |   1230 |   1214 |     16 |      0 |   1006 |   2 |  615.0 |
               +--------+--------+--------+--------+--------+-----+--------+

Top non-repeatable levels by time:
     D:1: 1128 daAuts
     D:2: 102 daAuts
